AoeStats
← b站江条

Arabia

503685962Analyzed
1v1 RM · 1mo ago on Sep 1, 2026· 28m 21s· 2 players
Game mode
Random Map
Map size
Tiny (2 player)
Population
200
Speed
Normal
Resources
Standard
Victory
Conquest
Starting age
Dark Age
Ending age
Imperial Age
RankedLock teamsTeams togetherTeam positionsShared explorationLock speedFull tech treeHidden civsTurbo modeCheats
Victory
Defeat
🇦🇷 Inca · Argentina
1348
+16
🇨🇳 Maya · China
1354
-16
YDRL
3:54 Loom
11:23 Feudal Age
14:15 Scale Mail Armor
14:54 Double-Bit Axe
15:01 Gold Mining
15:47 Fletching
17:44 Padded Archer Armor
19:09 Champi Runner
24:39 Wheelbarrow
27:27 Castle Age
27:39 Forging
27:32 Champi Warrior
28:15 Squires
28:31 Chain Mail Armor
28:35 Hand Cart
28:35 Town Watch
b站江条
0:25 Loom
9:16 Feudal Age
11:11 Double-Bit Axe
13:32 Town Watch
15:17 Wheelbarrow
18:36 Fletching
23:27 Castle Age
23:09 Gold Mining
23:11 Horse Collar
23:42 Padded Archer Armor
23:36 Stone Mining
26:17 Crossbowman
Connection lost

Rejoining the realm…

Still unreachable

The connection could not be restored.

Session expired

The server has moved on; the page needs a fresh start.